 Dungeon Crawl Stone Soup version 0.30.1 (webtiles) character file.

Game seed: 3518680145281060810

247 Wiggles the Chopper (level 5, 0/47 HPs)
             Began as a Minotaur Berserker on July 13, 2023.
             Was a Priest of Trog.
             Slain by an orc wizard
             ... wielding a +0 dagger
              (4 damage)
             ... on level 3 of the Dungeon.
             The game lasted 00:03:48 (2510 turns).

Wiggles the Chopper (Minotaur Berserker)            Turns: 2510, Time: 00:03:48

Health: 0/47       AC: 10    Str: 23    XL:     5   Next: 85%
Magic:  4/4        EV:  9    Int:  4    God:    Trog [***...]
Gold:   116        SH:  0    Dex: 10    Spells: 4/4 levels left

rFire   . . .        a - +0 hand axe
rCold   . . .        (no shield)
rNeg    . . .        p - +0 chain mail
rPois   .            (helmet restricted)
rElec   .            l - +0 cloak
rCorr   .            (no gloves)
SInv    .            (no boots)
Will    .....        (no amulet) Stlth
                     (no ring)
HPRegen 0.27/turn    (no ring)
MPRegen 0.09/turn

%: no passive effects
@: on berserk cooldown, slowed, very slow
A: horns 2, retaliatory headbutt
a: Renounce Religion, Berserk, Trog's Hand


You were on level 3 of the Dungeon.
You worshipped Trog.
Trog was most pleased with you.
You visited 1 branch of the dungeon, and saw 3 of its levels.

You collected 116 gold pieces.

Inventory:

Hand Weapons
 a - a +0 hand axe (weapon)
Armour
 l - a +0 cloak (worn)
 p - a +0 chain mail (worn)
Wands
 o - a wand of quicksilver (6)
Scrolls
 b - a scroll of amnesia {unknown}
 c - a scroll of noise {unknown}
 f - 3 scrolls of blinking {unknown}
 g - a scroll of poison {unknown}
 h - 4 scrolls of teleportation {unknown}
 j - 2 scrolls of fear {unknown}
 m - 2 scrolls of magic mapping {unknown}
 r - a scroll of fog {unknown}
Potions
 d - 2 potions of brilliance {unknown}
 e - a potion of lignification {unknown}
 i - 2 potions of curing {unknown}
 k - 2 potions of heal wounds {unknown}
 n - a potion of degeneration {unknown}
 q - a potion of flight {unknown}
 s - a potion of mutation {unknown}


   Skills:
 + Level 4.9 Fighting
 + Level 5.9 Axes
 + Level 3.8 Armour
 + Level 3.0 Dodging
 + Level 0.7 Stealth


You had 4 spell levels left.
You didn't know any spells.
Your spell library was empty.

Dungeon Overview and Level Annotations

Branches:
Dungeon (3/15)

Altars:
Ashenzari


Innate Abilities, Weirdness & Mutations

You have a pair of horns on your head.
You reflexively headbutt those who attack you in melee.


Message History

The rat barely misses you. You furiously retaliate!
You headbutt the rat.
You kill the rat!
Trog accepts your kill. The orc priest barely misses you.
The orc barely misses you. Something hits you but does no damage.
The orc priest hits you with a +0 war axe!
The orc hits you but does no damage. The orc wizard barely misses you.
You furiously retaliate!
You headbutt the orc wizard! You hit the orc priest.
Your headbutt misses the orc priest.
The orc priest is moderately wounded.
You hit the orc wizard but do no damage.
You hit something but do no damage. You barely miss the orc.
The orc wizard hits you but does no damage.
The orc priest hits you with a +0 war axe!
* * * LOW HITPOINT WARNING * * *
Something hits you but does no damage. The orc hits you but does no damage.
The orc priest attacks as you move away!
The orc priest hits you but does no damage.
The orc wizard misses you. The orc hits you but does no damage.
The orc hits you with a +0 hand axe.
* * * LOW HITPOINT WARNING * * *
The orc priest calls down the wrath of Beogh upon you.
Beogh smites you!
* * * LOW HITPOINT WARNING * * *
You hit the orc priest. Your headbutt misses the orc priest.
The orc priest is severely wounded.
You miss something. You completely miss the orc wizard. You hit the orc.
The orc wizard casts a spell at you. You resist with some effort.
The orc priest closely misses you. Something hits you but does no damage.
The orc barely misses you. You furiously retaliate!
You headbutt the orc!
You kill the orc!
Trog accepts your kill.
You completely miss the orc priest.
The orc priest is severely wounded.
You hit the orc wizard but do no damage.
You hit something but do no damage.
The orc wizard hits you but does no damage.
The orc priest barely misses you. Something hits you.
You die...

............##.# #..
...........##.###.#
.........)....#....
##.....#.†..#.#.#
#.....#.##...#..
#########.....#.###..###
...|..........#.#....#
................#.#.## #
......o@).#######.#.####
.......o{.# #.....##
........?.# ###.#.##
..........# #..>..
..........# ######
..........# ###########
########### #..........


You could see an orc priest and an orc wizard.

Vanquished Creatures
  Crazy Yiuf (D:2)
  Natasha (twice) (D:2)
  Terence (D:2)
  Robin (D:2)
  3 gnolls (D:2)
  An adder (D:2)
  A worm (D:2)
  4 dart slugs
  7 orcs (D:3)
  5 ball pythons
  4 bats
  9 endoplasms
  2 giant cockroaches
  13 goblins
  8 hobgoblins
  A quokka (D:2)
  5 frilled lizards
  3 kobolds (D:1)
  4 rats
75 creatures vanquished.

Notes
Turn   | Place    | Note
-------+----------+-------------------------------------------
     0 | D:1      | Wiggles the Minotaur Berserker began the quest for the Orb.
     0 | D:1      | Reached XP level 1. HP: 19/19 MP: 0/0
   237 | D:1      | Reached XP level 2. HP: 15/27 MP: 1/1
   350 | D:1      | Reached skill level 4 in Axes
   993 | D:1      | Reached XP level 3. HP: 33/33 MP: 2/2
  1196 | D:2      | Reached ** piety under Trog
  1245 | D:2      | Reached XP level 4. HP: 31/41 MP: 3/3
  1464 | D:2      | Noticed Robin
  1474 | D:2      | Reached skill level 5 in Axes
  1475 | D:2      | Killed Robin
  1517 | D:2      | Noticed Natasha
  1530 | D:2      | Killed Natasha
  1531 | D:2      | Reached XP level 5. HP: 28/47 MP: 4/4
  1867 | D:2      | Noticed Natasha
  1871 | D:2      | Killed Natasha
  1944 | D:2      | Found a runed translucent door.
  1945 | D:2      | Noticed Crazy Yiuf
  1945 | D:2      | Noticed Terence
  2084 | D:2      | Killed Crazy Yiuf
  2089 | D:2      | Killed Terence
  2359 | D:3      | Reached *** piety under Trog
  2441 | D:3      | Found a broken altar of Ashenzari.
  2510 | D:3      | Slain by an orc wizard

Illustrated notes

Levels and vault maps discovered:
D:1:      dpeg_arrival_central, layout_loops_ring, minmay_stone_trees_small,
          roderic_roman_lattice
D:2:      layout_basic, uniq_crazy_yiuf_cottage, uniq_robin, uniq_terence,
          uniq_natasha
D:3:      layout_basic, mainiacjoe_overflow_brackets

Skill      XL: |  1  2  3  4  5 |
---------------+----------------+-----
Axes           | 4 5 |  5.9
Fighting       | 4 |  4.9
Armour         | 3 |  3.8
Dodging        | 3 |  3.0
Stealth        | |  0.7

Action                     |  1- 3 |  4- 6 || total
---------------------------+-------+-------++-------
  Melee: Hand axe          |    69 |    62 ||   131
         Headbutt          |    13 |     5 ||    18
         Punch             |     1 |       ||     1
 Invoke: Berserk           |     1 |     3 ||     4
   Stab: Sleeping          |     1 |       ||     1
 Armour: Animal skin       |    12 |       ||    12
         Scale mail        |    11 |     8 ||    19
         Chain mail        |       |    24 ||    24
  Dodge: Dodged            |    34 |    33 ||    67
